 Dungeon Crawl Stone Soup version 0.28-a0-998-gb9e9c7b67e (webtiles) character file.

Game seed: 2540642801557764979

325 devnull the Ruffian (level 6, 52/52 HPs)
             Began as a Ghoul Gladiator on Dec 5, 2021.
             Safely got out of the dungeon.
             The game lasted 00:09:49 (4278 turns).

devnull the Ruffian (Ghoul Gladiator)               Turns: 4278, Time: 00:09:49

Health: 52/52      AC:  8    Str: 18    XL:     6   Next: 48%
Magic:  5/5        EV: 10    Int:  5    God:
Gold:   186        SH:  0    Dex: 10    Spells: 5/5 levels left

rFire   . . .      SeeInvis .     - Unarmed
rCold   + . .      Faith    .   (no shield)
rNeg    + + +      Spirit   .   q - +0 scale mail
rPois   ∞          Reflect  .   b - +0 helmet
rElec   .          Harm     .   f - +0 cloak
rCorr   .          Rampage  .   (no gloves)
Will    .....                   (no boots)
Stlth   ..........              (no amulet)
HPRegen 0.17/turn               (no ring)
MPRegen 0.09/turn               (no ring)

@: no status effects
A: claws 1, cold resistance 1, negative energy resistance 3, inhibited
regeneration, torment resistance 2
a: no special abilities


You escaped.
You visited 1 branch of the dungeon, and saw 5 of its levels.

You collected 186 gold pieces.

Inventory:

Missiles
 c - 3 throwing nets (quivered)
 n - 19 poisoned darts
Armour
 b - a +0 helmet (worn)
 f - a +0 cloak (worn)
 j - a +0 kite shield
 q - a +0 scale mail (worn)
Jewellery
 o - a ring of magical power
Wands
 r - a wand of digging (13)
 t - a wand of iceblast (10)
Scrolls
 a - 2 scrolls of magic mapping
 d - 2 scrolls of teleportation
 k - 2 scrolls of fog {unknown}
 p - a scroll of fear {unknown}
 s - a scroll of enchant armour {unknown}
Potions
 e - a potion of might {unknown}
 g - 2 potions of curing
 h - a potion of invisibility {unknown}
 i - a potion of haste {unknown}
 l - 2 potions of brilliance {unknown}
 m - a potion of magic {unknown}


   Skills:
 + Level 3.9 Fighting
 + Level 3.2 Throwing
 - Level 3.3 Dodging
 + Level 1.6 Shields
 + Level 5.0 Unarmed Combat


You had 5 spell levels left.
You didn't know any spells.
Your spell library contained the following spells:

 Spells                   Type           Power      Damage    Failure   Level
 Ozocubu's Armour         Ice            0%         N/A       99%         3
 Petrify                  Tmut/Erth      0%         N/A       100%        4
 Irradiate                Conj/Tmut      0%         3d13      100%        5
 Metabolic Englaciation   Hex/Ice        0%         N/A       100%        5
 Simulacrum               Ice/Necr       0%         N/A       100%        6
 Summon Hydra             Summ           0%         N/A       100%        7
 Sublimation of Blood     Necr           Unusable   N/A       N/A         2
 Wereblood                Tmut           Unusable   N/A       N/A         2

Dungeon Overview and Level Annotations

Branches:
Dungeon (5/15)
 Temple: D:4-7

Altars:


Innate Abilities, Weirdness & Mutations

You thrive by killing the living.
You are immune to poison.
You have sharp fingernails.
Your flesh is cold resistant. (rC+)
You are immune to negative energy. (rN+++)
You do not regenerate when monsters are visible.
You are immune to unholy pain and torment.


Message History

No target in view!
Things that are here:
a +0 flail; a +0 hand axe; an orc corpse
Found 22 arrows.
Things that are here:
a +0 dagger; a +0 ring mail
Things that are here:
a +0 hand axe of electrocution; an iguana corpse Unknown command.
Okay, then.
Unknown command.
Save game and exit?
Okay, then.
Things that are here:
a +0 flail; a +0 hand axe; an orc corpse Save game and exit?
Welcome back, devnull the Ghoul Gladiator.
Press ? for a list of commands and other information.
(D) Dungeon
Where to? (? - help)
What level of the Dungeon? (default 1, ? - help)
There is a stone staircase leading up here.
You climb upwards.
There is a stone staircase leading down here.
There is an escape hatch in the ceiling here.
There is a stone staircase leading up here.
You climb upwards.
There is a stone staircase leading down here.
There is a stone staircase leading up here.
You climb upwards.
There is a stone staircase leading down here.
HP restored.
There is a stone staircase leading up here.
You climb upwards.
There is a stone staircase leading down here.
You see here a +0 dagger.
You see here a +0 leather armour.
There is a staircase leading out of the dungeon here.
Are you sure you want to leave the Dungeon?
This will make you lose the game!
You have escaped!

................# #..#
....##.########)###.##
.......# #.....#
.####### ###.###
.################.#
.#................#
.#.#############.##
.#.### #[# .#>..# #@#
.###.# #># .# #.# #.#
.# #.# ### .# #.#
.###.## .##.#.##
.#.###.# .##.#.##


There were no monsters in sight!

Vanquished Creatures
  2 jellies
  Crazy Yiuf (D:4)
  A hound (D:4)
  Ijyb (D:4)
  An iguana (D:5)
  7 adders
  2 worms
  3 dart slugs
  5 orcs
  8 endoplasms
  3 giant cockroaches
  6 goblins
  5 hobgoblins
  5 jackals
  4 kobolds
  6 quokkas
  4 ball pythons
  6 bats
  3 frilled lizards
  3 rats
76 creatures vanquished.

Vanquished Creatures (others)
  A plant (D:2)
1 creature vanquished.

Grand Total: 77 creatures vanquished

Notes
Turn   | Place    | Note
-------+----------+-------------------------------------------
     0 | D:1      | devnull the Ghoul Gladiator began the quest for the Orb.
     0 | D:1      | Reached XP level 1. HP: 17/17 MP: 0/0
   305 | D:1      | Reached XP level 2. HP: 23/24 MP: 1/1
   968 | D:2      | Reached XP level 3. HP: 30/30 MP: 2/2
  1127 | D:2      | Reached skill level 4 in Unarmed Combat
  1601 | D:2      | Reached XP level 4. HP: 35/37 MP: 3/3
  1718 | D:2      | Found a faded altar of an unknown god.
  2957 | D:4      | Reached XP level 5. HP: 45/45 MP: 4/4
  3508 | D:4      | Noticed Ijyb
  3517 | D:4      | Killed Ijyb
  3518 | D:4      | Reached skill level 1 in Shields
  3712 | D:4      | Reached XP level 6. HP: 48/52 MP: 5/5
  3763 | D:4      | Found a runed translucent door.
  3764 | D:4      | Noticed Crazy Yiuf
  3887 | D:4      | Killed Crazy Yiuf
  4158 | D:5      | Entered Level 5 of the Dungeon
  4173 | D:5      | Reached skill level 5 in Unarmed Combat
  4278 | D:$      | Safely got out of the dungeon.

Illustrated notes

Levels and vault maps discovered:
D:1:      dpeg_arrival_tiny_i, layout_loops_ring, eino_curves_04
D:2:      layout_basic, hellmonk_ecumenical_altar_inner_sanctum,
          serial_bayou_crossing
D:3:      layout_basic
D:4:      nicolae_cairo_tiling_large, layout_rooms, uniq_crazy_yiuf_cottage,
          uniq_ijyb
D:5:      layout_rooms, jmf_multi_god_temple2, feat_on_display

Skill      XL: |  1  2  3  4  5  6 |
---------------+-------------------+-----
Throwing       | 2 3 |  3.2
Dodging        | 3 |  3.3
Unarmed Combat | 4 5 |  5.0
Fighting       | 3 |  3.9
Shields        | 1 |  1.6

Action                   |  1- 3 |  4- 6 || total
-------------------------+-------+-------++-------
Melee: Unarmed           |   108 |   181 ||   289
       Punch             |     1 |       ||     1
  Use: Scroll            |       |     3 ||     3
       Potion            |       |     1 ||     1
Armor: Leather armour    |     5 |       ||     5
       Ring mail         |    32 |    25 ||    57
       Scale mail        |       |    46 ||    46
Dodge: Dodged            |    50 |    84 ||   134

Table legend: (Time is in decaauts)
 A = Elapsed time spent in this place.
 B = Non-inter-level travel time spent in this place.
 C = Inter-level travel time spent in this place.
 D = Time resting spent in this place.
 E = Time spent auto-exploring this place.
 F = Levels seen in this place.
 G = Mean time per level.
                   A        B        C        D        E       F      G
               +--------+--------+--------+--------+--------+-----+--------+
         Total |   4271 |   3875 |    396 |     43 |   3243 |   5 |  854.2 |
       Dungeon |   4271 |   3875 |    396 |     43 |   3243 |   5 |  854.2 |
               +--------+--------+--------+--------+--------+-----+--------+

Top non-repeatable levels by time:
     D:4: 1295 daAuts
     D:3: 1033 daAuts
     D:1: 972 daAuts
     D:2: 946 daAuts
     D:5: 24 daAuts
